Map: Hard Lead LE

Players

Reynor - Winner!

  • Race: Zerg Zerg
  • League: Master
  • Spawn Location: 11:00

ShoWTimE

  • Race: Protoss Protoss
  • League: Master
  • Spawn Location: 5:00

VOD

Have the link to the VOD?

Description

Time

  • Played on: Dec. 28, 2023, 9:36 a.m.
  • Length: 21:17
Show
View Real Time Build Order
Export as new Build Order

Reynor Zerg - Winner!

Build Orders: Hatch First, Lurkers, Roach Hydra 

Get SALT Encoding   

  12  0:00  Drone  
  13  0:07  Drone  
  14  0:14  Drone, Extractor  
  15  0:36  Hatchery  
  15  0:41  Drone, Extractor  
  15  0:48  Overlord  
  15  1:03  Spawning Pool  
  14  1:07  Drone  
  14  1:10  Drone  
  16  1:14  Drone  
  16  1:18  Drone  
  18  1:28  Drone, Extractor  
  18  1:39  Drone  
  19  1:48  Drone  
  19  1:49  Queen x2  
  19  1:54  Zergling x2  
  25  1:59  Drone  
  26  2:03  Overlord  
  26  2:09  Drone  
  26  2:11  Drone  
  28  2:21  Drone  
  29  2:23  Drone  
  29  2:25  Queen  
  32  2:37  Hatchery  
  32  2:40  Drone  
  32  2:41  Zergling x2  
  33  2:44  Zergling x2  
  33  2:49  Overlord  
  34  2:55  Queen  
  36  3:05  Overlord  
  36  3:10  Zergling x4  
  36  3:11  Drone x3  
  36  3:12  Drone  
  42  3:16  Drone  
  43  3:22  Queen  
  43  3:25  Overlord  
  45  3:27  Drone  
  45  3:31  Drone x2  
  47  3:36  Metabolic Boost  
  47  3:38  Drone  
  47  3:40  Drone x2  
  50  3:44  Overlord  
  50  3:46  Drone  
  50  3:47  Drone  
  52  3:52  Queen  
  54  3:56  Spore Crawler  
  54  3:57  Drone  
  54  3:59  Drone  
  54  4:00  Drone  
  56  4:05  Spore Crawler  
  56  4:06  Drone x2  
  56  4:09  Drone x2  
  59  4:12  Overlord  
  59  4:14  Drone  
  59  4:15  Drone  
  61  4:18  Zergling x4  
  61  4:20  Drone  
  61  4:23  Overlord  
  64  4:26  Drone  
  64  4:28  Queen  
  67  4:33  Drone x2  
  67  4:34  Overlord  
  69  4:39  Spore Crawler  
  69  4:40  Drone x2  
  69  4:41  Drone  
  69  4:45  Queen  
  73  4:46  Overlord  
  73  4:48  Drone  
  73  4:49  Drone  
  75  4:54  Drone x2  
  75  4:56  Drone  
  75  4:57  Extractor  
  77  5:05  Drone x3  
  77  5:06  Drone  
  78  5:07  Drone  
  78  5:09  Drone  
  78  5:10  Drone  
  78  5:12  Hatchery, Drone x2  
  82  5:19  Evolution Chamber  
  82  5:20  Zergling x6  
  84  5:22  Overlord  
  84  5:23  Drone x2  
  86  5:31  Drone x3, Roach Warren  
  86  5:32  Drone x3  
  86  5:35  Overlord  
  90  5:38  Drone x2  
  93  5:42  Drone  
  93  5:43  Lair  
  93  5:47  Drone x2, Extractor, Zerg Missile Weapons Level 1  
  93  5:48  Extractor  
  93  5:53  Overlord  
  93  5:56  Drone x3  
  93  5:57  Drone x2, Extractor  
  98  5:58  Extractor  
  98  6:03  Queen  
  98  6:06  Overlord  
  98  6:11  Roach x5  
  107  6:12  Roach  
  109  6:19  Drone x2  
  109  6:23  Drone x2  
  109  6:25  Drone  
  114  6:27  Drone x3  
  114  6:28  Drone x2  
  114  6:31  Drone x4  
  123  6:33  Drone, Overlord  
  123  6:34  Drone  
  123  6:38  Drone  
  124  6:43  Drone x2, Glial Reconstitution, Infestation Pit  
  124  6:45  Overseer  
  124  6:47  Roach x2  
  129  6:52  Extractor  
  129  6:53  Extractor, Roach  
  129  6:55  Roach x3  
  129  7:01  Roach x4  
  143  7:03  Overlord  
  143  7:11  Drone  
  143  7:12  Drone x2  
  143  7:13  Overlord  
  143  7:14  Drone x3, Hatchery  
  143  7:17  Overlord  
  143  7:22  Drone, Hive  
  144  7:25  Hydralisk Den  
  143  7:32  Roach  
  143  7:33  Zergling x16, Roach x3  
  143  7:35  Overlord x3  
  159  7:43  Zerg Missile Weapons Level 2  
  159  7:57  Hatchery  
  158  7:59  Drone x3, Lurker Den  
  158  8:00  Drone x2  
  159  8:11  Hydralisk x7  
  173  8:13  Muscular Augments  
  173  8:15  Spine Crawler x2  
  173  8:19  Overlord  
  171  8:21  Hydralisk  
  171  8:22  Hydralisk  
  171  8:25  Overseer  
  175  8:33  Drone x6  
  181  8:39  Pneumatized Carapace  
  181  8:40  Hydralisk x3  
  187  8:42  Overseer, Extractor  
  187  8:43  Extractor  
  185  8:55  Overseer  
  185  8:57  Drone x2  
  185  8:58  Drone x2  
  185  9:00  Spine Crawler, Spore Crawler  
  185  9:01  Spine Crawler  
  183  9:03  Seismic Spines  
  183  9:15  Lurker x8, Evolution Chamber  
  183  9:17  Grooved Spines  
  190  9:19  Lurker  
  190  9:22  Overseer  
  191  9:30  Lurker  
  192  9:33  Lurker  
  192  9:36  Zergling x6  
  192  9:37  Zergling x6  
  192  9:38  Nydus Network  
  198  9:42  Zerg Melee Weapons Level 1  
  198  10:02  Zerg Missile Weapons Level 3  
  198  10:04  Adaptive Talons  
  197  10:11  Hydralisk x3  
  198  10:29  Nydus Canal  
  195  10:35  Hydralisk  
  195  10:36  Hydralisk  
  195  10:40  Overseer  
  199  10:46  Nydus Canal  
  184  11:05  Hydralisk x9  
  184  11:06  Overseer, Hydralisk x2  
  184  11:09  Nydus Canal  
  184  11:11  Hydralisk x3  
  171  11:13  Overseer  
  171  11:15  Zergling x16  
  171  11:16  Lurker x3  
  171  11:17  Overseer, Lurker x2  
  190  11:22  Spire  
  189  11:32  Lurker x8  
  194  11:33  Lurker  
  194  11:36  Zergling x4  
  194  11:38  Nydus Canal  
  200  11:42  Extractor  
  200  11:43  Extractor  
  200  11:45  Zerg Melee Weapons Level 2, Spire  
  197  11:49  Lurker  
  198  11:58  Hatchery  
  193  12:15  Zergling x2  
  193  12:16  Zergling x12  
  193  12:17  Overseer x2  
  187  12:24  Hydralisk x10  
  187  12:30  Zergling x8  
  187  12:31  Zergling x20  
  187  12:34  Hydralisk x4  
  198  12:41  Overlord x5  
  190  12:45  Zergling x14  
  184  12:55  Hatchery  
  184  12:57  Zergling x14  
  190  13:01  Zergling x26  
  196  13:10  Zerg Flyer Weapons Level 1, Zerg Flyer Armor Level 1  
  196  13:11  Drone x3  
  196  13:12  Drone  
  192  13:29  Nydus Network  
  191  13:37  Viper x3  
  190  13:49  Corruptor x5  
  191  14:01  Corruptor x6  
  196  14:08  Hydralisk x5  
  196  14:09  Zergling x18  
  188  14:13  Zergling x10  
  188  14:14  Zergling x16  
  188  14:16  Nydus Canal  
  195  14:18  Zergling x10  
  200  14:31  Adrenal Glands  
  200  14:33  Nydus Canal  
  200  14:50  Nydus Canal  
  188  15:16  Lurker x5  
  188  15:17  Hydralisk x7  
  194  15:21  Overlord x2  
  170  15:38  Hydralisk  
  170  15:39  Hydralisk x10  
  172  15:43  Hydralisk x2  
  167  15:50  Lurker x4  
  167  15:55  Lurker x4  
  167  15:56  Zergling x4  
  167  15:57  Zergling x2  
  177  16:00  Drone x3, Queen  
  177  16:04  Drone x3  
  178  16:12  Lurker x2  
  178  16:16  Lurker  
  180  16:24  Overseer  
  176  16:28  Spawning Pool, Drone x6  
  176  16:31  Drone x2  
  177  16:35  Overlord  
  176  16:45  Overseer  
  176  16:48  Overseer  
  176  16:50  Drone x2  
  176  16:51  Drone x4  
  182  17:05  Drone x4  
  182  17:06  Drone  
  187  17:28  Lair  
  187  17:30  Drone x5  
  187  17:31  Drone x3  
  195  17:37  Extractor  
  195  17:39  Roach Warren  
  193  17:46  Zergling x10  
  193  17:49  Zergling x2  
  199  17:54  Zergling x2  
  189  18:54  Hydralisk Den  
  182  18:57  Roach x9  
  200  19:03  Spore Crawler  
  200  19:04  Spine Crawler  
  200  19:05  Spine Crawler  
  200  19:06  Spine Crawler, Extractor  
  200  19:07  Extractor  
  194  19:26  Lurker Den  
  194  19:28  Hydralisk x3  
  196  19:43  Hydralisk x12  
  196  19:44  Hydralisk x2  
  187  19:45  Hydralisk  
  187  19:46  Hydralisk x4  
  168  19:54  Hydralisk x4  
  168  19:56  Hydralisk  
  168  19:59  Queen, Hydralisk  
  184  20:07  Hydralisk x2  
  186  20:15  Overlord  
  186  20:17  Overlord  
  170  20:22  Hydralisk x5  
  176  20:31  Hydralisk x2  
  180  20:36  Lurker x5  
  180  20:37  Hatchery, Hydralisk x2  
  180  20:40  Hydralisk  
  185  20:50  Hydralisk x2  
  185  20:51  Zergling x4, Hydralisk x2  
Show
View Real Time Build Order
Export as new Build Order

ShoWTimE Protoss 

Build Orders: 1 Gate Expand, Oracle Opening, Zealot Archon 

Get SALT Encoding   

  12  0:00  Probe  
  13  0:12  Probe  
  14  0:19  Pylon  
  14  0:24  Probe  
  15  0:38  Probe (Chrono Boost)  
  15  0:40  Gateway  
  16  0:47  Probe (Chrono Boost)  
  16  0:49  Assimilator  
  17  0:52  Probe (Chrono Boost)  
  19  1:04  Probe  
  19  1:16  Probe  
  20  1:27  Nexus  
  20  1:36  Cybernetics Core  
  20  1:39  Probe  
  21  1:45  Assimilator  
  21  1:51  Probe  
  21  1:54  Pylon  
  22  2:03  Probe  
  23  2:10  Adept (Chrono Boost)  
  25  2:16  Probe  
  26  2:23  Stargate  
  26  2:28  Probe (Chrono Boost)  
  27  2:30  Adept (Chrono Boost)  
  27  2:37  Warp Gate  
  29  2:39  Probe (Chrono Boost)  
  31  2:46  Probe (Chrono Boost)  
  31  2:48  Probe (Chrono Boost)  
  32  2:52  Adept, Probe (Chrono Boost)  
  32  2:53  Probe (Chrono Boost)  
  36  2:59  Pylon  
  36  3:04  Probe  
  37  3:08  Oracle (Chrono Boost)  
  40  3:13  Probe  
  40  3:16  Probe  
  42  3:25  Probe  
  45  3:28  Probe  
  46  3:38  Nexus  
  46  3:39  Oracle (Chrono Boost)  
  44  3:43  Probe  
  44  3:44  Probe  
  49  3:49  Pylon  
  49  3:56  Probe  
  49  3:57  Probe  
  49  3:59  Gateway  
  51  4:08  Probe  
  51  4:09  Probe  
  53  4:14  Assimilator, Oracle (Chrono Boost)  
  53  4:16  Assimilator  
  53  4:20  Probe  
  53  4:21  Probe  
  58  4:25  Pylon  
  58  4:27  Stalker  
  60  4:32  Probe  
  60  4:33  Probe  
  62  4:44  Probe  
  62  4:45  Forge, Probe  
  64  4:46  Twilight Council  
  64  4:50  Probe  
  65  4:56  Probe  
  65  4:57  Sentry, Probe  
  69  5:02  Probe  
  69  5:05  Shield Battery  
  70  5:09  Probe (Chrono Boost)  
  70  5:11  Probe (Chrono Boost)  
  70  5:14  Probe (Chrono Boost)  
  73  5:16  Gateway  
  73  5:18  Gateway  
  75  5:21  Probe (Chrono Boost)  
  75  5:24  Probe (Chrono Boost)  
  75  5:25  Stalker x2, Protoss Ground Weapons Level 1 (Chrono Boost), Probe (Chrono Boost)  
  75  5:26  Charge, Probe (Chrono Boost)  
  79  5:29  Probe (Chrono Boost)  
  79  5:32  Probe  
  81  5:35  Probe  
  81  5:40  Probe  
  83  5:44  Probe  
  83  5:45  Templar Archives  
  83  5:48  Assimilator, Probe  
  83  5:49  Pylon  
  85  5:50  Assimilator  
  85  5:51  Pylon  
  85  5:58  Robotics Facility  
  85  6:07  Probe x3  
  85  6:09  Gateway  
  85  6:12  Zealot x3  
  85  6:16  Gateway  
  91  6:19  Probe x3  
  91  6:22  Gateway  
  91  6:24  Gateway  
  94  6:27  Photon Cannon  
  94  6:31  Probe x3  
  97  6:42  High Templar x2  
  97  6:44  Pylon  
  97  6:46  Archon  
  101  6:47  Pylon x2  
  101  6:54  Psionic Storm  
  101  6:58  Photon Cannon  
  101  7:00  Pylon  
  101  7:02  Probe x3, Pylon, Immortal (Chrono Boost)  
  101  7:08  Nexus  
  108  7:15  High Templar x3  
  112  7:16  Zealot x3, High Templar  
  112  7:19  Probe x2  
  112  7:20  Archon  
  124  7:23  Photon Cannon  
  124  7:25  Photon Cannon  
  124  7:27  Shield Battery  
  124  7:30  Probe  
  124  7:31  Probe x2  
  124  7:34  Protoss Ground Weapons Level 2 (Chrono Boost)  
  124  7:35  Assimilator, Shield Battery  
  124  7:36  Observer (Chrono Boost)  
  128  7:37  High Templar, Pylon  
  128  7:41  Assimilator  
  128  7:43  High Templar  
  132  7:49  Pylon  
  132  7:50  Pylon, Probe x3  
  135  8:03  High Templar  
  135  8:04  Zealot x4, High Templar  
  144  8:07  Probe  
  144  8:09  Archon, Immortal (Chrono Boost)  
  149  8:17  Pylon x2  
  147  8:27  Gateway  
  147  8:30  Zealot x2, High Templar x2  
  147  8:31  Zealot x2  
  159  8:34  Archon  
  159  8:35  Forge  
  159  8:36  Stalker  
  159  8:37  Stalker  
  163  8:43  Warp Prism (Chrono Boost)  
  163  8:47  Pylon  
  165  8:49  Nexus  
  165  8:55  Zealot x4  
  173  9:08  Robotics Facility  
  172  9:13  Observer (Chrono Boost)  
  172  9:14  Protoss Ground Armor Level 1 (Chrono Boost)  
  173  9:18  Protoss Air Weapons Level 1 (Chrono Boost)  
  173  9:23  Photon Cannon  
  173  9:24  High Templar x2, Immortal (Chrono Boost)  
  175  9:25  Photon Cannon x2  
  175  9:26  Photon Cannon x2  
  175  9:27  Shield Battery  
  175  9:28  Shield Battery  
  181  9:33  Probe x4  
  181  9:34  Pylon, Photon Cannon  
  185  9:40  Assimilator  
  185  9:43  Assimilator, High Templar x4  
  185  9:44  Protoss Ground Weapons Level 3 (Chrono Boost)  
  185  9:45  Probe x2  
  195  9:47  Archon x2  
  195  9:56  Fleet Beacon  
  195  9:59  Observer (Chrono Boost)  
  196  10:02  Photon Cannon  
  198  10:07  Photon Cannon  
  198  10:12  Photon Cannon  
  198  10:14  Immortal (Chrono Boost)  
  198  10:16  Immortal (Chrono Boost)  
  200  10:24  Blink (Chrono Boost)  
  200  10:26  Stargate  
  200  10:29  Stargate  
  200  10:32  Photon Cannon  
  200  10:35  Photon Cannon  
  198  10:36  High Templar  
  190  10:53  Nexus  
  190  10:56  Zealot x7, Observer, Pylon  
  176  11:06  Immortal  
  152  11:11  Archon  
  152  11:13  Probe x2 (Chrono Boost)  
  152  11:14  Probe x2 (Chrono Boost)  
  152  11:15  Zealot  
  158  11:20  High Templar x3  
  158  11:25  Probe x2 (Chrono Boost)  
  169  11:26  Probe x2 (Chrono Boost)  
  169  11:29  Assimilator  
  169  11:31  Probe (Chrono Boost)  
  171  11:33  Probe x2 (Chrono Boost)  
  171  11:35  Probe (Chrono Boost)  
  171  11:37  Probe  
  171  11:38  Photon Cannon  
  173  11:40  Photon Cannon  
  173  11:41  Zealot x2  
  173  11:42  Protoss Air Weapons Level 2 (Chrono Boost)  
  173  11:43  Probe  
  173  11:44  Pylon, Probe x2  
  173  11:45  Probe  
  181  11:52  Immortal x2 (Chrono Boost)  
  189  12:02  High Templar x2  
  189  12:03  High Templar x2  
  193  12:09  Archon  
  193  12:10  Archon  
  193  12:13  Zealot x2  
  193  12:22  Gateway  
  187  12:24  Gateway  
  187  12:25  Archon  
  187  12:27  Zealot  
  187  12:28  Gateway, Carrier x2 (Chrono Boost), Immortal x2 (Chrono Boost)  
  179  12:31  Gateway  
  179  12:32  Gateway  
  179  13:00  Carrier (Chrono Boost)  
  180  13:06  Zealot x3, Observer (Chrono Boost), High Templar x4  
  195  13:13  Observer (Chrono Boost)  
  195  13:15  Photon Cannon  
  195  13:25  High Templar x2  
  195  13:26  High Templar  
  170  13:29  High Templar  
  170  13:31  Zealot x2  
  182  13:39  Carrier (Chrono Boost)  
  185  13:43  Oracle (Chrono Boost)  
  185  13:46  Zealot x4  
  193  13:52  Zealot x2  
  184  13:58  Zealot x3  
  182  14:06  Probe x4  
  155  14:11  Pylon  
  155  14:13  Pylon, High Templar x4  
  155  14:15  Pylon  
  163  14:18  Probe x2  
  163  14:20  Archon x2  
  163  14:23  Pylon  
  165  14:25  Pylon  
  165  14:29  High Templar  
  165  14:30  Zealot x2  
  171  14:37  Photon Cannon  
  171  14:50  Photon Cannon  
  171  14:52  Photon Cannon  
  171  14:54  Photon Cannon  
  171  14:55  Zealot  
  171  14:56  Shield Battery  
  171  15:02  Zealot x3  
  171  15:03  Zealot x5  
  169  15:15  Observer  
  169  15:16  Stalker  
  164  15:25  Zealot x3  
  169  15:34  Zealot x2  
  165  15:39  Zealot  
  149  15:55  High Templar x4  
  154  15:59  Archon x2  
  154  16:10  High Templar x4  
  162  16:23  Stalker  
  164  16:28  Zealot x4  
  166  17:09  Nexus, Pylon  
  166  17:11  Pylon  
  167  17:33  Observer (Chrono Boost)  
  167  17:37  High Templar x2  
  167  17:40  Immortal (Chrono Boost)  
  167  17:43  Observer  
  175  17:46  Nexus  
  174  17:59  Pylon  
  174  18:12  Immortal (Chrono Boost)  
  172  18:18  High Templar  
  182  18:27  Observer  
  182  18:28  Immortal (Chrono Boost)  
  182  18:31  Zealot x3  
  175  18:44  Pylon  
  169  18:55  High Templar  
  169  18:56  High Templar  
  169  18:57  Assimilator  
  169  19:00  Archon  
  173  19:12  Pylon  
  173  19:13  Oracle (Chrono Boost), Pylon  
  132  19:47  Zealot x3  
  127  19:53  Observer  
  127  19:58  Zealot x3  
  131  20:02  Zealot  
  133  20:09  High Templar x2  
  111  20:35  High Templar  
  111  20:39  High Templar  
  111  20:41  Zealot  
  111  20:42  Zealot x2  
Tags
 
Add a new tag
Caveats
  • Supply blocks, unpowered buildings, or Contaminate may cause inaccurate times.
  • Supply counts are checked every 10 seconds.